 Dungeon Crawl Stone Soup version 0.27-a0-705-ga0013940fb (webtiles) character file.

Game seed: 4171361684227984870

86 Klosterheim the Ogre Mage (level 4, -1/45 HPs)
             Began as an Ogre Hedge Wizard on Mar 23, 2021.
             Slain by an orc wizard
             ... wielding a +0 dagger
              (3 damage)
             ... on level 2 of the Dungeon.
             The game lasted 00:07:27 (2964 turns).

Klosterheim the Ogre Mage (Ogre Hedge Wizard)       Turns: 2964, Time: 00:07:27

Health: -1/45      AC:  3    Str: 14    XL:     4   Next: 50%
Magic:  7/10       EV:  9    Int: 16    God:
Gold:   48         SH:  0    Dex:  8    Spells: 8/11 levels left

rFire    . . .     SeeInvis .   d - +3 dagger
rCold    . . .     Faith    +   (no shield)
rNeg     . . .     Spirit   .   b - +0 robe
rPois    .         Reflect  .   c - +0 hat
rElec    .         Harm     .   (no cloak)
rCorr    .         Rampage  .   (gloves unavailable)
Will     .....                  (boots unavailable)
Stlth    ++........             g - amulet of faith
HPRegen  0.15/turn              (no ring)
MPRegen  0.12/turn              (no ring)

@: no status effects
A: large, unfitting armour, tough skin 1
a: no special abilities


You were on level 2 of the Dungeon.
You visited 1 branch of the dungeon, and saw 3 of its levels.

You collected 48 gold pieces.

Inventory:

Hand Weapons
 d - a +3 dagger (weapon)
Armour
 b - a +0 robe (worn)
 c - a +0 hat (worn)
Jewellery
 g - an amulet of faith (around neck)
Scrolls
 a - a scroll of teleportation {unknown}
 e - a scroll of immolation {unknown}
Potions
 f - 2 potions of might {unknown}


   Skills:
 - Level 3.0 Fighting
 - Level 2.0 Dodging
 - Level 2.0 Stealth
 - Level 4.0 Spellcasting
 + Level 2.0 Conjurations
 - Level 1.0 Summonings
 - Level 1.0 Translocations


You had 8 spell levels left.
You knew the following spells:

 Your Spells              Type           Power      Damage    Failure   Level
a - Magic Dart            Conj           36%        1d4       8%          1
b - Call Imp              Summ           6%         N/A       17%         2

Your spell library contained the following spells:

 Spells                   Type           Power      Damage    Failure   Level
 Blink                    Tloc           N/A        N/A       17%         2
 Slow                     Hex            3%         N/A       26%         2
 Conjure Flame            Conj/Fire      6%         6-21      32%         3
 Mephitic Cloud           Conj/Pois/Air  5%         N/A       36%         3


Dungeon Overview and Level Annotations

Branches:
Dungeon (3/15)

Altars:
Nemelex Xobeh
Okawaru
Wu Jian

Annotations:
D:1 Robin
D:3 Ijyb


Innate Abilities, Weirdness & Mutations

You are too large for most types of armour.
You have tough skin. (AC +1)


Message History

The orc wizard points at you and mumbles some strange words.
You resist with some effort.
Your white imp hits the orc wizard.
Your white imp freezes the orc wizard.
Casting: Call Imp (safe; 17% risk of failure)
Confirm with . or Enter, or press ? or * to list all spells.
Aiming: Magic Dart (safe; 8% risk of failure)
Press: ? - help, Shift-Dir - straight line, f - orc
Aim: an orc, wielding a +0 hand axe (0% to evade)
The magic dart hits the orc.
The orc is moderately wounded.
The orc hits you with a +0 hand axe!
The orc wizard gestures at itself while chanting.
The orc wizard flickers and vanishes!
Deactivating autopickup; reactivate with Ctrl-A.
Casting: Magic Dart (safe; 8% risk of failure)
Confirm with . or Enter, or press ? or * to list all spells.
Aiming: Magic Dart (safe; 8% risk of failure)
Press: ? - help, Shift-Dir - straight line, f/p - orc
Aim: an orc, wielding a +0 hand axe (moderately wounded, ally target, 0% to evade)
The magic dart hits the orc.
You kill the orc!
Something hits you.
You hit something. Something hits you.
You hit something. Something hits you.
You closely miss something. Something hits you.
You barely miss something.
You hear some strange, mumbled words.
A puff of flame appears from out of thin air!
The puff of flame hits you.
* * * LOW HITPOINT WARNING * * *
You barely miss something. Something hits you!
* * * LOW HITPOINT WARNING * * *
Something hits you.
* * * LOW HITPOINT WARNING * * *
You climb upwards.
Your summoned ally is left behind.
Reactivating autopickup.
There is a stone staircase leading down here.
Deactivating autopickup; reactivate with Ctrl-A.
You hit something. Something hits you.
You die...

#...######
##...##...#
#.....#...#
#.....#...######
#.....#.....<..#
###.....#....###.#
........#........#
........#.....####
................@####
.......(........[...#
....................#
#...................#
#...................#
#...................#
.##...###...........#
.##...# #...........#
.##...# #...........#


There were no monsters in sight!

Vanquished Creatures
  An orc wizard (D:2)
  An adder (D:3)
  A worm (D:3)
  2 orcs (D:3)
  4 bats
  2 giant cockroaches
  11 goblins
  9 hobgoblins
  8 oozes
  2 quokkas (D:1)
  2 frilled lizards
  3 kobolds
  A rat (D:1)
47 creatures vanquished.

Notes
Turn   | Place    | Note
-------+----------+-------------------------------------------
     0 | D:1      | Klosterheim the Ogre Hedge Wizard began the quest for the
                  | Orb.
     0 | D:1      | Reached XP level 1. HP: 16/16 MP: 5/5
    56 | D:1      | Reached skill level 1 in Conjurations
   114 | D:1      | Reached skill level 1 in Translocations
   170 | D:1      | Reached skill level 1 in Summonings
   210 | D:1      | Reached XP level 2. HP: 26/26 MP: 0/6
   382 | D:1      | Reached skill level 1 in Fighting
   775 | D:1      | Reached skill level 4 in Spellcasting
   883 | D:1      | Found an iron altar of Okawaru.
  1054 | D:1      | Reached XP level 3. HP: 23/33 MP: 2/8
  1475 | D:2      | Found a sparkling altar of Nemelex Xobeh.
  1501 | D:2      | Noticed Robin
  2400 | D:3      | Found an ornate altar of the Wu Jian Council.
  2556 | D:3      | Noticed Ijyb
  2561 | D:3      | Reached XP level 4. HP: 34/45 MP: 10/10
  2755 | D:2      | Learned a level 2 spell: Call Imp
  2962 | D:3      | HP: 1/45 [something (2)]
  2964 | D:2      | Slain by an orc wizard

Illustrated notes

Levels and vault maps discovered:
D:1:      erik_arrival_orb_chamber, layout_basic, kennysheep_flooded_box,
          minmay_misc_feat_roman, hangedman_feature_mirror
D:2:      layout_basic, nicolae_overflow_hidden_temple, uniq_robin
D:3:      layout_basic, nzn_wu_jian_contemplation, lemuel_crystal_altar,
          uniq_ijyb

Skill      XL: |  1  2  3  4 |
---------------+-------------+-----
Conjurations   | 1 2 |  2.0
Translocations | 1 |  1.0
Summonings     | 1 |  1.0
Dodging        | 2 |  2.0
Fighting       | 1 3 |  3.0
Spellcasting   | 4 |  4.0
Stealth        | 2 |  2.0

Action                   |  1- 3 |  4- 6 || total
-------------------------+-------+-------++-------
Melee: Dagger            |    35 |    11 ||    46
 Cast: Magic Dart        |   106 |     9 ||   115
       Call Imp          |       |     4 ||     4
  Use: Potion            |     3 |       ||     3
       Scroll            |     2 |       ||     2
 Stab: Sleeping          |     1 |       ||     1
Armor: Robe              |    12 |     2 ||    14
Dodge: Dodged            |    36 |     7 ||    43

Table legend: (Time is in decaauts)
 A = Elapsed time spent in this place.
 B = Non-inter-level travel time spent in this place.
 C = Inter-level travel time spent in this place.
 D = Time resting spent in this place.
 E = Time spent auto-exploring this place.
 F = Levels seen in this place.
 G = Mean time per level.
                   A        B        C        D        E       F      G
               +--------+--------+--------+--------+--------+-----+--------+
         Total |   2967 |   2912 |     55 |   1272 |   1180 |   3 |  989.0 |
       Dungeon |   2967 |   2912 |     55 |   1272 |   1180 |   3 |  989.0 |
               +--------+--------+--------+--------+--------+-----+--------+

Top non-repeatable levels by time:
     D:1: 1405 daAuts
     D:2: 1193 daAuts
     D:3: 368 daAuts
